[Event "December 12 Early 2023"]
[Site "https://www.chess.com"]
[Date "2023.12.12"]
[Round "8"]
[White "Ginzburg, Yakov"]
[Black "Brodsky, David"]
[Result "1-0"]
[Board "53"]
[TimeControl "180+1"]
[WhiteFideId "4157176"]
[BlackFideId "2073250"]
[WhiteElo "2547"]
[BlackElo "2802"]
[WhiteTeam "RUS"]
[BlackTeam "USA"]
[WhiteClock "0:00:24"]
[BlackClock "0:00:00"]

1. e4 e5 2. Nf3 Nc6 3. Bb5 a6 4. Bxc6 dxc6 5. O-O f6 6. d4 Bg4 7. dxe5 Qxd1 8. Rxd1 fxe5 9. Be3 Nf6 10. Nbd2 O-O-O 11. Re1 Bd6 12. Ng5 Rhf8 13. h3 Bd7 14. Nc4 Rde8 15. Rad1 h6 16. Nf3 Nxe4 17. Bxh6 gxh6 18. Rxe4 Bf5 19. Rh4 Re6 20. c3 b5 21. Ne3 Bh7 22. Ng5 hxg5 23. Rxh7 Bc5 24. Rg7 Ref6 25. Ng4 R6f7 26. Rxf7 Rxf7 27. Rd2 e4 28. g3 Rf3 29. Kg2 Rd3 30. Re2 a5 31. Ne5 Rd1 32. Nxc6 a4 33. b4 Bb6 34. Ne7+ Kd7 35. Nf5 Ke6 36. g4 Ke5 37. Ng3 e3 38. fxe3 Rd3 39. Kf3 Rxc3 40. Ne4 Rc4 41. Nxg5 Rxb4 42. h4 Rb1 43. Rh2 Re1 44. h5 Rxe3+ 45. Kg2 Kf6 46. Nf3 Re2+ 47. Kg3 Rxh2 48. Nxh2 Be3 49. Kf3 Bg5 50. Ke4 b4 51. Kd3 b3 52. axb3 a3 53. Kc2 Bf4 54. Nf3 c5 55. Kb1 Bd6 56. Ka2 Ke6 57. Nd2 Kf6 58. Nc4 Be7 59. Kxa3 Kg5 60. Ne5 Bf6 61. Nd7 Be7 62. Ka4 Kxg4 63. h6 1-0

[Event "December 12 Early 2023"]
[Site "https://www.chess.com"]
[Date "2023.12.12"]
[Round "8"]
[White "Mikhailovsky, Vladimir"]
[Black "Khamdamova, Afruza"]
[Result "1-0"]
[Board "54"]
[TimeControl "180+1"]
[WhiteFideId "34105414"]
[BlackFideId "14210444"]
[WhiteElo "2788"]
[BlackElo "2542"]
[WhiteTeam "RUS"]
[BlackTeam "UZB"]
[WhiteClock "0:00:43"]
[BlackClock "0:00:00"]

1. e4 e5 2. f4 Nc6 3. Nf3 exf4 4. Bc4 Nf6 5. d3 d5 6. exd5 Nxd5 7. O-O Bc5+ 8. d4 Bb6 9. c3 O-O 10. Bxd5 Qxd5 11. Bxf4 Bf5 12. Nbd2 Rae8 13. Kh1 Bd3 14. Re1 Ne7 15. Ne5 Bf5 16. Ndf3 c5 17. dxc5 Qxc5 18. Nd7 Bxd7 19. Qxd7 Bd8 20. Qxb7 f6 21. Qd7 Qc8 22. Qa4 Bc7 23. Bxc7 Qxc7 24. Nd4 Qc8 25. Qxa7 Nd5 26. Qa4 Ne3 27. Re2 Ng4 28. Rae1 Re5 29. Nc6 Rxe2 30. Rxe2 Kh8 31. Ne7 Qc5 32. Qxg4 1-0

[Event "December 12 Early 2023"]
[Site "https://www.chess.com"]
[Date "2023.12.12"]
[Round "8"]
[White "Leenhouts, Koen"]
[Black "Korchmar, Vasiliy"]
[Result "1/2-1/2"]
[Board "55"]
[TimeControl "180+1"]
[WhiteFideId "1008439"]
[BlackFideId "24131750"]
[WhiteElo "2539"]
[BlackElo "2778"]
[WhiteTeam "NED"]
[BlackTeam "RUS"]
[WhiteClock "0:00:14"]
[BlackClock "0:00:07"]

1. d4 Nf6 2. c4 e6 3. g3 d5 4. Nf3 dxc4 5. Qa4+ Nbd7 6. Qxc4 a6 7. Qc2 b5 8. Bg2 Bb7 9. O-O c5 10. dxc5 Bxc5 11. Nc3 Rc8 12. a3 O-O 13. Bg5 h6 14. Bxf6 Nxf6 15. Rad1 Qb6 16. e3 Nd5 17. Nxd5 Bxd5 18. Qb1 Bc4 19. Rfe1 Bb3 20. Rd7 b4 21. axb4 Bxb4 22. Rc1 Qb5 23. Rd4 Be7 24. h4 Bf6 25. Rd2 Qa5 26. Rxc8 Rxc8 27. Qe1 Bd5 28. e4 Bb3 29. Qe3 Rb8 30. e5 Be7 31. Nd4 Bc5 32. Qe2 Ba4 33. Nc6 Bxc6 34. Bxc6 Qb6 35. Bf3 Bd4 36. Kg2 Bxb2 37. Rd6 Qb5 38. Rxa6 Bxe5 39. Ra8 Qxe2 40. Rxb8+ Bxb8 41. Bxe2 f5 42. Bf3 Kf7 43. h5 Kf6 44. Be2 e5 45. Bd1 Kg5 46. Be2 Ba7 47. Bd1 e4 48. Be2 Bd4 49. Bd1 Kf6 50. Be2 Ke5 51. Bd1 Kd5 52. Bb3+ Ke5 53. Bd1 Kd6 54. Be2 Kc5 55. Bd1 Be5 56. Bb3 Kd4 57. Be6 f4 58. gxf4 Bxf4 59. Bf5 Bg5 60. Bg6 Ke5 61. Bh7 Kf4 62. Bg6 Bf6 63. Bh7 Bd4 64. Bg6 Kg5 65. Kg3 Be5+ 66. Kg2 Bf4 67. Bxe4 Kxh5 68. Bf3+ Kh4 69. Be4 Kg5 70. Bf3 Be5 71. Be2 Kf4 72. Bf3 g6 73. Bd5 h5 74. Bf7 Kg5 75. Bxg6 Kxg6 76. f4 Bxf4 77. Kh3 1/2-1/2

[Event "December 12 Early 2023"]
[Site "https://www.chess.com"]
[Date "2023.12.12"]
[Round "8"]
[White "Hirneise, Jens"]
[Black "Shuvalova, Polina"]
[Result "1/2-1/2"]
[Board "56"]
[TimeControl "180+1"]
[WhiteFideId "24614734"]
[BlackFideId "24171760"]
[WhiteElo "2534"]
[BlackElo "2761"]
[WhiteTeam "GER"]
[BlackTeam "RUS"]
[WhiteClock "0:00:05"]
[BlackClock "0:00:05"]

1. d3 d5 2. Nf3 Nf6 3. g3 g6 4. Bg2 Bg7 5. O-O O-O 6. c4 dxc4 7. dxc4 c5 8. Nc3 Nc6 9. Be3 Be6 10. Bxc5 Bxc4 11. Qa4 Be6 12. Rfd1 Qe8 13. Ng5 Bd7 14. Qa3 h6 15. Nh3 Rc8 16. Bxc6 Rxc6 17. Nf4 Qc8 18. Bxe7 Re8 19. Bxf6 Bxf6 20. Nfd5 Bd8 21. Qxa7 Rce6 22. Qd4 Bc6 23. e4 Kh7 24. Rac1 Qa8 25. b4 Bxd5 26. exd5 Rf6 27. Ne4 Rb6 28. d6 Qxa2 29. d7 Rf8 30. Rc8 Re6 31. Nc5 Rb6 32. Re1 Bf6 33. Rxf8 Bxd4 34. Rf1 Rd6 35. d8=Q Rxd8 36. Rxd8 Bxc5 37. bxc5 Qc4 38. Rd7 Kg7 39. Rb1 Qxc5 40. Rbxb7 Qc1+ 41. Kg2 Qc6+ 42. f3 Qc2+ 43. Kg1 Qc1+ 44. Kf2 Qc2+ 45. Ke3 Qc5+ 46. Kd3 Qf5+ 47. Ke3 Qc5+ 48. Ke2 Qc2+ 49. Ke3 Qc3+ 50. Ke2 Qc2+ 51. Ke3 1/2-1/2

[Event "December 12 Early 2023"]
[Site "https://www.chess.com"]
[Date "2023.12.12"]
[Round "8"]
[White "Eilers, Stefan"]
[Black "Gan-Erdene, Sugar"]
[Result "0-1"]
[Board "57"]
[TimeControl "180+1"]
[WhiteFideId "4609565"]
[BlackFideId "4902980"]
[WhiteElo "2530"]
[BlackElo "2740"]
[WhiteTeam "GER"]
[BlackTeam "MGL"]
[WhiteClock "0:00:07"]
[BlackClock "0:00:35"]

1. d4 Nf6 2. Nc3 d5 3. Bf4 a6 4. e3 e6 5. Nf3 c5 6. dxc5 Bxc5 7. Bd3 Nc6 8. O-O Qe7 9. e4 d4 10. Ne2 e5 11. Bg5 h6 12. Bh4 g5 13. Bg3 Bg4 14. Nc1 h5 15. h3 h4 16. Bh2 Bh5 17. Be2 Bg6 18. Nxg5 Nxe4 19. Nxe4 Bxe4 20. Bf3 f5 21. Bxe4 fxe4 22. Qg4 e3 23. Nd3 Ba7 24. Qg6+ Kd8 25. Qe4 Re8 26. Kh1 Kc7 27. Rae1 Rad8 28. f4 exf4 29. Qxf4+ Kb6 30. a4 Rd5 31. b4 Bb8 32. Qf3 Rg5 33. Bxb8 Rxb8 34. c3 Rg3 35. Qd5 Rd8 36. Qc4 Qe4 37. Rg1 Rxh3# 0-1

[Event "December 12 Early 2023"]
[Site "https://www.chess.com"]
[Date "2023.12.12"]
[Round "8"]
[White "Tikhonov, Viacheslav"]
[Black "Kosteniuk, Alexandra"]
[Result "0-1"]
[Board "58"]
[TimeControl "180+1"]
[WhiteFideId "44196407"]
[BlackFideId "4128125"]
[WhiteElo "2529"]
[BlackElo "2711"]
[WhiteTeam "RUS"]
[BlackTeam "SUI"]
[WhiteClock "0:00:00"]
[BlackClock "0:01:07"]

1. e4 c6 2. d4 d5 3. exd5 cxd5 4. Bd3 Nc6 5. c3 Nf6 6. h3 g6 7. Nf3 Bf5 8. O-O Bxd3 9. Qxd3 e6 10. Bf4 Bd6 11. Bxd6 Qxd6 12. Nbd2 O-O 13. Rfe1 Nd7 14. a4 Rae8 15. Qb5 Rb8 16. Qd3 Rfe8 17. a5 a6 18. b4 f6 19. Nb3 Re7 20. Nc5 Nxc5 21. bxc5 Qc7 22. c4 Rd8 23. cxd5 Rxd5 24. Qc3 Na7 25. Qc4 Qc6 26. Ra2 Nb5 27. Rae2 Kf7 28. h4 Qd7 29. Re4 Qd8 30. Qb4 h5 31. g3 Rf5 32. R1e3 Qd5 33. Qd2 Rxf3 34. Rxf3 Qxe4 35. Rf4 Qb1+ 36. Kg2 Qb3 0-1

[Event "December 12 Early 2023"]
[Site "https://www.chess.com"]
[Date "2023.12.12"]
[Round "8"]
[White "Tulchynskyi, Feliks"]
[Black "Wu, Derek"]
[Result "1-0"]
[Board "59"]
[TimeControl "180+1"]
[WhiteFideId "34127895"]
[BlackFideId "30914558"]
[WhiteElo "2527"]
[BlackElo "2699"]
[WhiteTeam "UKR"]
[BlackTeam "USA"]
[WhiteClock "0:00:57"]
[BlackClock "0:00:49"]

1. c4 e5 2. Nc3 Nf6 3. g3 Bb4 4. Bg2 O-O 5. Nf3 e4 6. Nd4 Re8 7. O-O Nc6 8. Nc2 Bxc3 9. dxc3 h6 10. Be3 d6 11. c5 d5 12. Bd4 Be6 13. b4 Nd7 14. Ne3 Nce5 15. f4 exf3 16. exf3 Nc6 17. f4 Nf6 18. f5 Bc8 19. Bxf6 Qxf6 20. Nxd5 Qd8 21. f6 g6 22. b5 Ne5 23. Ne7+ Kh7 24. Qe2 Ng4 25. Rae1 Be6 26. Bxb7 Nxf6 27. Nc6 Qd5 28. Bxa8 Qxc5+ 29. Qe3 Qxb5 30. Rxf6 Rxa8 31. Nd4 1-0

[Event "December 12 Early 2023"]
[Site "https://www.chess.com"]
[Date "2023.12.12"]
[Round "8"]
[White "Rogov, Matfey"]
[Black "Aaditya Dhingra"]
[Result "0-1"]
[Board "60"]
[TimeControl "180+1"]
[WhiteFideId "44191308"]
[BlackFideId "25678191"]
[WhiteElo "2527"]
[BlackElo "2687"]
[WhiteTeam "RUS"]
[BlackTeam "IND"]
[WhiteClock "0:00:00"]
[BlackClock "0:01:42"]

1. e4 g6 2. Nc3 Bg7 3. f4 c6 4. Nf3 d5 5. d3 Bg4 6. Be2 Bxf3 7. Bxf3 Nf6 8. O-O dxe4 9. dxe4 Qxd1 10. Rxd1 e5 11. fxe5 Nfd7 12. e6 fxe6 13. Bg4 Ke7 14. Bf4 Ne5 15. Bh3 Nbd7 16. Ne2 Rhf8 17. Bg5+ Bf6 18. Bh6 Rfd8 19. Nf4 Nf7 20. Nxe6 Nxh6 21. Nxd8 Rxd8 22. Bxd7 Rxd7 23. Rxd7+ Kxd7 24. c3 Nf7 25. Kf2 Nd6 26. Kf3 Nc4 27. Rd1+ Ke6 28. b3 Nd6 29. c4 Nf7 30. g3 Ne5+ 31. Kf4 Be7 32. h4 h6 33. Ke3 a5 34. Kd4 Bd6 35. c5 Bc7 36. Rf1 Nd7 37. g4 Be5+ 38. Kc4 Bf6 39. h5 g5 40. b4 axb4 41. Kxb4 Be7 42. Rf5 Ne5 43. Rf2 Nd3+ 44. Ka5 Nxf2 45. Kb6 Nxe4 46. Kxb7 Kd7 47. a4 Nxc5+ 0-1

[Event "December 12 Early 2023"]
[Site "https://www.chess.com"]
[Date "2023.12.12"]
[Round "8"]
[White "Yaran, Siar"]
[Black "Womacka, Mathias"]
[Result "1-0"]
[Board "61"]
[TimeControl "180+1"]
[WhiteFideId "6323006"]
[BlackFideId "4611390"]
[WhiteElo "2681"]
[BlackElo "2526"]
[WhiteTeam "TUR"]
[BlackTeam "GER"]
[WhiteClock "0:00:06"]
[BlackClock "0:00:00"]

1. Nf3 c5 2. c4 Nf6 3. g3 b6 4. Bg2 Bb7 5. O-O e6 6. Nc3 Be7 7. d4 cxd4 8. Qxd4 d6 9. Rd1 a6 10. Bg5 Nbd7 11. Rd2 O-O 12. Rad1 Qc7 13. Bxf6 Nxf6 14. Ng5 Bxg2 15. Kxg2 Rac8 16. Nce4 Qxc4 17. Qxc4 Rxc4 18. Nxd6 Bxd6 19. Rxd6 h6 20. Nf3 Rb4 21. b3 a5 22. R1d4 Nd5 23. e4 Nc3 24. Rxb4 axb4 25. Rxb6 Nxa2 26. Ne5 Rc8 27. Rb7 f6 28. Nc4 Nc1 29. Rxb4 Nxb3 30. Nb6 Rc3 31. Nd7 e5 32. Rb8+ Kf7 33. Rb7 Kg8 34. h4 Nc5 35. Nxc5 Rxc5 36. h5 Rc3 37. Kh3 Rf3 38. Rb2 f5 39. exf5 Rxf5 40. g4 Rf3+ 41. Kg2 Rc3 42. Rb5 e4 43. Re5 Rc4 44. Kg3 Kf7 45. Rf5+ Ke6 46. Rf4 Rd4 47. f3 Ke5 48. Rf7 exf3 49. Rxg7 1-0

[Event "December 12 Early 2023"]
[Site "https://www.chess.com"]
[Date "2023.12.12"]
[Round "8"]
[White "Grutter, Tim"]
[Black "Nagare Kaivalya Sandip"]
[Result "0-1"]
[Board "62"]
[TimeControl "180+1"]
[WhiteFideId "1057472"]
[BlackFideId "25957929"]
[WhiteElo "2519"]
[BlackElo "2679"]
[WhiteTeam "NED"]
[BlackTeam "IND"]
[WhiteClock "0:00:00"]
[BlackClock "0:00:52"]

1. b3 e5 2. Bb2 Nc6 3. e3 d5 4. Bb5 Bd6 5. Nf3 Qe7 6. O-O Nf6 7. c4 O-O 8. cxd5 Nxd5 9. Nc3 Nxc3 10. dxc3 e4 11. Nd4 Ne5 12. Be2 a6 13. b4 Qh4 14. g3 Qh3 15. f4 exf3 16. Bxf3 Bg4 17. Qe2 Nxf3+ 18. Nxf3 Rae8 19. Rae1 Re6 20. Qg2 Qh5 21. Nd4 Rh6 22. Rf2 Qe5 23. c4 Qg5 24. c5 Be5 25. Nf3 Bxf3 26. Qxf3 Rf6 27. Qe2 Rxf2 28. Qxf2 Rd8 29. Rf1 f6 30. Bxe5 Qxe5 31. Qf3 c6 32. Rd1 Rxd1+ 33. Qxd1 Qxe3+ 34. Kf1 Qe6 35. Qd8+ Kf7 36. Qc7+ Qe7 37. Qc8 f5 38. Qxf5+ Qf6 39. Qxf6+ Kxf6 40. Kf2 Ke5 41. Ke3 Kd5 42. Kd3 h5 43. h3 g5 44. h4 Ke5 45. Ke3 Kf5 46. Kf3 g4+ 47. Ke3 Ke5 48. Kd3 Kd5 49. a3 a5 50. Ke3 Kc4 51. bxa5 Kxc5 52. Kf4 Kb5 53. Kg5 c5 54. Kxh5 c4 55. Kg6 c3 56. h5 c2 57. h6 c1=Q 58. h7 Qa1 0-1

[Event "December 12 Early 2023"]
[Site "https://www.chess.com"]
[Date "2023.12.12"]
[Round "8"]
[White "Manukyan, Artyom"]
[Black "Timerkhanov, Alexander"]
[Result "0-1"]
[Board "63"]
[TimeControl "180+1"]
[WhiteFideId "13305786"]
[BlackFideId "24177938"]
[WhiteElo "2518"]
[BlackElo "2666"]
[WhiteTeam "ARM"]
[BlackTeam "RUS"]
[WhiteClock "0:00:36"]
[BlackClock "0:00:52"]

1. e4 c6 2. d4 d5 3. exd5 cxd5 4. Bd3 Nc6 5. c3 Nf6 6. Bf4 Bg4 7. Qb3 Qd7 8. Nd2 e6 9. Ngf3 Bxf3 10. Nxf3 Bd6 11. Bxd6 Qxd6 12. O-O O-O 13. Rae1 Qc7 14. Ne5 Nxe5 15. dxe5 Nd7 16. Qc2 g6 17. f4 Rfc8 18. h4 Nc5 19. h5 Nxd3 20. Qxd3 Qc4 21. Qg3 b5 22. h6 b4 23. Rc1 Qxa2 24. Qg5 Qa5 25. cxb4 Qxb4 26. f5 Qd4+ 27. Kh1 Qxe5 28. Qe7 Rxc1 29. Rxc1 Qf4 30. Rc7 Qxh6+ 31. Kg1 Qe3+ 32. Kh1 Qe1+ 33. Kh2 Qe5+ 34. Kg1 Qxf5 35. b4 a6 36. Rd7 Kg7 37. Kh2 Qf6 38. Qc5 Rb8 39. Ra7 Qh4+ 40. Kg1 Qxb4 41. Rxf7+ Kxf7 42. Qc7+ Kf6 0-1

[Event "December 12 Early 2023"]
[Site "https://www.chess.com"]
[Date "2023.12.12"]
[Round "8"]
[White "Reprintsev, Alexander"]
[Black "Adla, Diego"]
[Result "0-1"]
[Board "64"]
[TimeControl "180+1"]
[WhiteFideId "14100541"]
[BlackFideId "100072"]
[WhiteElo "2516"]
[BlackElo "2666"]
[WhiteTeam "UKR"]
[BlackTeam "ARG"]
[WhiteClock "0:00:00"]
[BlackClock "0:00:11"]

1. e4 e5 2. Nf3 Nc6 3. Bc4 Nf6 4. Ng5 d5 5. exd5 Na5 6. Bb5+ Bd7 7. Qe2 Bd6 8. Bxd7+ Qxd7 9. Nc3 c6 10. dxc6 Nxc6 11. O-O O-O 12. Nge4 Nxe4 13. Nxe4 Be7 14. d3 Rac8 15. Be3 f5 16. Nc5 Qd5 17. c4 Qf7 18. Nxb7 Rc7 19. Nc5 f4 20. Na6 Rb7 21. Bc5 Qg6 22. f3 Nd4 23. Bxd4 exd4 24. a3 Qxa6 25. b4 Qf6 26. Rfe1 Bd8 27. c5 Re7 28. Qa2+ Qf7 29. Qxf7+ Kxf7 30. Re4 Rxe4 31. fxe4 Ke6 32. Rc1 f3 33. Rc4 Bg5 34. gxf3 Rxf3 35. c6 Rf8 36. b5 Be3+ 37. Kg2 Kd6 38. a4 Rc8 39. a5 g5 40. e5+ Kc7 41. Kf3 h5 42. Ke4 g4 43. Kd5 Bd2 44. Rxd4 Bxa5 45. Rf4 Rd8+ 46. Kc4 Bb6 47. Rf7+ Kc8 48. e6 Bc7 49. Rh7 Bxh2 50. Rxh5 Bc7 51. Rg5 g3 52. Rg7 Be5 53. Rg5 Bf4 54. Rg4 Bc7 55. d4 Bd6 56. d5 Re8 57. Rg7 Re7 58. Rg8+ Kc7 59. Kd3 Kb6 60. Ke4 Kxb5 61. Kf3 Kc5 62. Rg5 a5 63. Kg2 a4 64. Rg8 a3 65. Ra8 Kxd5 0-1

[Event "December 12 Early 2023"]
[Site "https://www.chess.com"]
[Date "2023.12.12"]
[Round "8"]
[White "Agibileg, Uurtsaikh"]
[Black "Parfenov, Viktor N."]
[Result "1/2-1/2"]
[Board "65"]
[TimeControl "180+1"]
[WhiteFideId "4901606"]
[BlackFideId "4165969"]
[WhiteElo "2652"]
[BlackElo "2515"]
[WhiteTeam "MGL"]
[BlackTeam "RUS"]
[WhiteClock "0:00:22"]
[BlackClock "0:00:08"]

1. d4 d5 2. c4 e6 3. Nc3 Nf6 4. cxd5 exd5 5. Bg5 Be7 6. e3 c6 7. Bd3 Nbd7 8. Qc2 h6 9. Bh4 Nh5 10. Bxe7 Qxe7 11. O-O-O Nb6 12. Nf3 Be6 13. Kb1 Nf6 14. Rc1 O-O-O 15. Na4 Nxa4 16. Qxa4 Kb8 17. Rc3 Nd7 18. Rhc1 Nb6 19. Qa5 f6 20. Ra3 Nc8 21. Nd2 b6 22. Qa4 Bd7 23. Nb3 c5 24. Bb5 c4 25. Nd2 Bxb5 26. Qxb5 Qd7 27. Qxd7 Rxd7 28. b3 b5 29. bxc4 bxc4 30. Ra5 Nb6 31. h4 h5 32. Kc2 Re8 33. Nb1 f5 34. g3 Rb7 35. Nc3 Rd8 36. Rb1 g6 37. Ne2 Rd6 38. Nf4 Kc8 39. Rc5+ Kb8 40. a4 Nxa4 41. Rxb7+ Kxb7 42. Rxd5 Rb6 43. Ra5 Rb2+ 44. Kc1 Ra2 45. Nd5 Kc6 46. Nb4+ Kb6 47. Ra6+ Kb5 48. Nxa2 Kxa6 49. Nb4+ Kb5 50. Nd5 a5 51. Nf4 Nc3 52. Nxg6 Ne4 53. Ne7 a4 54. Nd5 a3 55. f3 Nxg3 56. Kc2 Nf1 57. Nc3+ Kb4 58. Na2+ Ka4 59. e4 fxe4 60. fxe4 Ne3+ 61. Kc3 Kb5 62. Kd2 Ng2 63. e5 Nxh4 64. Ke3 Kc6 65. Ke4 Ng6 66. d5+ Kd7 67. Kf5 Nxe5 68. Kxe5 h4 69. Kf4 h3 70. Kg3 Kd6 71. Nc3 a2 72. Nxa2 Kxd5 73. Kxh3 Ke4 74. Kg2 Kd3 75. Kf2 Kc2 76. Ke3 Kb2 77. Kd4 Kxa2 78. Kxc4 1/2-1/2

[Event "December 12 Early 2023"]
[Site "https://www.chess.com"]
[Date "2023.12.12"]
[Round "8"]
[White "Kovalevsky, Stanislav"]
[Black "Golubev, Mikhail"]
[Result "1/2-1/2"]
[Board "66"]
[TimeControl "180+1"]
[WhiteFideId "13508598"]
[BlackFideId "14100983"]
[WhiteElo "2495"]
[BlackElo "2650"]
[WhiteTeam "FID"]
[BlackTeam "UKR"]
[WhiteClock "0:00:06"]
[BlackClock "0:00:05"]

1. e4 c5 2. c3 Nf6 3. e5 Nd5 4. Nf3 Nc6 5. Bc4 Nb6 6. Bb3 c4 7. Bc2 d6 8. exd6 Qxd6 9. O-O Bg4 10. d4 cxd3 11. Qxd3 Qxd3 12. Bxd3 Bxf3 13. gxf3 e6 14. Bg5 Be7 15. Bxe7 Kxe7 16. Na3 Nd5 17. Be4 Nf4 18. Bxc6 bxc6 19. Rfd1 Rhd8 20. Kf1 Rd5 21. Nc4 Rad8 22. Ne3 Rd2 23. b3 Nh3 24. Rxd2 Rxd2 25. Nd1 Rd3 26. Ke2 Nf4+ 27. Ke1 Rxf3 28. a4 Rh3 29. b4 Rxh2 30. b5 Kd6 31. Rb1 Nd3+ 32. Ke2 Nc5 33. a5 cxb5 34. Rxb5 Rh4 35. Rb8 a6 36. Ne3 Rf4 37. Rh8 h6 38. Rd8+ Kc7 39. Rg8 g6 40. Ng2 Rf6 41. Ke3 h5 42. Kd4 Rxf2 43. Ne3 Rf4+ 44. Kxc5 Rf3 45. Kd4 f5 46. Rxg6 e5+ 47. Kxe5 Rxe3+ 48. Kxf5 Rxc3 49. Rxa6 Rc5+ 50. Kf4 Kb7 51. Rh6 Rxa5 52. Kg3 Ka7 53. Kh4 Kb7 54. Rxh5 Rxh5+ 55. Kxh5 1/2-1/2

[Event "December 12 Early 2023"]
[Site "https://www.chess.com"]
[Date "2023.12.12"]
[Round "8"]
[White "Senft, Sean"]
[Black "Koellner, Ruben Gideon"]
[Result "0-1"]
[Board "67"]
[TimeControl "180+1"]
[WhiteFideId "2044960"]
[BlackFideId "12993093"]
[WhiteElo "2492"]
[BlackElo "2649"]
[WhiteTeam "USA"]
[BlackTeam "GER"]
[WhiteClock "0:01:17"]
[BlackClock "0:02:22"]

1. d4 d6 2. c4 e5 3. Nf3 e4 4. Ng5 f5 5. Nc3 Be7 6. Nh3 Nf6 7. g3 d5 8. cxd5 Nxd5 9. Bg2 O-O 10. O-O Be6 11. Nf4 Nxf4 12. Bxf4 c6 13. Qd2 Nd7 14. h4 Nf6 15. Rad1 Nd5 16. Be5 Nxc3 17. bxc3 Bd6 18. Bxd6 Qxd6 19. Qf4 Qxf4 20. gxf4 Bxa2 21. Ra1 Bc4 22. Rfb1 b5 23. e3 a5 24. Bf1 Bxf1 25. Kxf1 Kf7 26. Rb2 Rfb8 27. Ke2 Ke6 28. Rab1 Kd5 29. c4+ Kxc4 30. Rc1+ Kd5 31. Rc5+ Kd6 32. Rbc2 Ra6 33. Rxf5 b4 34. Kd2 a4 35. Kc1 b3 36. Rcc5 a3 37. Ra5 b2+ 38. Kb1 a2+ 39. Rxa2 Rxa2 40. Kxa2 b1=Q+ 0-1

[Event "December 12 Early 2023"]
[Site "https://www.chess.com"]
[Date "2023.12.12"]
[Round "8"]
[White "Kochiev, Ivan"]
[Black "Seemann, Jakub"]
[Result "0-1"]
[Board "68"]
[TimeControl "180+1"]
[WhiteFideId "2917890"]
[BlackFideId "21874697"]
[WhiteElo "2485"]
[BlackElo "2647"]
[WhiteTeam "BUL"]
[BlackTeam "POL"]
[WhiteClock "0:00:01"]
[BlackClock "0:01:15"]

1. e4 e6 2. d4 d5 3. Nd2 dxe4 4. Nxe4 Nd7 5. Bd3 Ngf6 6. Qe2 c5 7. Nf3 Be7 8. dxc5 Nxe4 9. Bxe4 Nxc5 10. O-O O-O 11. Rd1 Qc7 12. c3 Nxe4 13. Qxe4 Bd7 14. Ne5 Be8 15. Bf4 Qb6 16. Rd2 f6 17. Nc4 Qc6 18. Qe2 e5 19. Bg3 b6 20. Rad1 Bf7 21. Ne3 Bc5 22. Nf5 Bg6 23. Qg4 Rf7 24. h4 Qc8 25. Rd8+ Qxd8 26. Rxd8+ Rxd8 27. h5 Bxf5 28. Qxf5 h6 29. a4 Rfd7 30. Bh4 Kh8 31. Qg6 Be7 32. Qe4 Rd1+ 33. Kh2 R1d2 34. b4 R2d3 35. Qc4 R3d7 36. Qe4 Rc7 37. Qc2 Bxb4 38. Qb3 Bc5 39. Qe6 Be7 40. Qf5 Rxc3 41. a5 bxa5 42. Qe6 Rc7 43. Qa6 Rd4 44. Qxa5 Rxh4+ 45. Kg3 Rhc4 46. Qa3 Rc3+ 47. Qxc3 Rxc3+ 0-1

[Event "December 12 Early 2023"]
[Site "https://www.chess.com"]
[Date "2023.12.12"]
[Round "8"]
[White "Yeritsyaan"]
[Black "JG-17"]
[Result "1-0"]
[Board "69"]
[TimeControl "180+1"]
[WhiteElo "2644"]
[BlackElo "2478"]
[WhiteClock "0:00:25"]
[BlackClock "0:00:29"]

1. Nf3 Nf6 2. c4 b6 3. Nc3 Bb7 4. b3 g6 5. Bb2 Bg7 6. e3 O-O 7. Be2 e6 8. O-O d5 9. d4 c5 10. Rc1 Nc6 11. cxd5 Nxd5 12. dxc5 bxc5 13. Na4 Bxb2 14. Nxb2 Qe7 15. Na4 Rfe8 16. Nxc5 Rad8 17. Qc2 Ndb4 18. Qb2 Ba8 19. a3 Nd5 20. Rfd1 e5 21. Bb5 e4 22. Nd4 Nxd4 23. Rxd4 Rf8 24. b4 Qg5 25. Nxe4 Qh4 26. Rxd5 Qxe4 27. Rg5 Rd6 28. Bf1 Rfd8 29. Re5 Qh4 30. h3 f6 31. g3 Qh6 32. Re7 Qg5 33. Qb3+ Bd5 34. Bc4 h5 35. Bxd5+ Rxd5 36. h4 Qf5 37. e4 Qh3 38. Qxd5+ Rxd5 39. exd5 g5 40. d6 gxh4 41. d7 hxg3 42. Rc8# 1-0

[Event "December 12 Early 2023"]
[Site "https://www.chess.com"]
[Date "2023.12.12"]
[Round "8"]
[White "Onoprijchuk, Boris"]
[Black "Skliarov, Viktor"]
[Result "0-1"]
[Board "70"]
[TimeControl "180+1"]
[WhiteFideId "4171179"]
[BlackFideId "14106736"]
[WhiteElo "2473"]
[BlackElo "2637"]
[WhiteTeam "RUS"]
[BlackTeam "UKR"]
[WhiteClock "0:00:00"]
[BlackClock "0:00:11"]

1. d4 Nf6 2. c4 e6 3. Nf3 b6 4. g3 Bb7 5. Bg2 Be7 6. O-O O-O 7. Nc3 Ne4 8. Qc2 Nxc3 9. Qxc3 d6 10. Re1 Nd7 11. e4 a5 12. b3 e5 13. d5 Nc5 14. a3 Bc8 15. b4 axb4 16. axb4 Rxa1 17. Qxa1 Nd3 18. Rf1 Nxb4 19. Ne1 f5 20. Qb1 Na6 21. exf5 Bxf5 22. Be4 Bxe4 23. Qxe4 Nc5 24. Qe2 Bg5 25. Ba3 Nd7 26. h4 Bh6 27. Nd3 Qf6 28. Kg2 g6 29. Ra1 e4 30. Nb2 Qf3+ 31. Qxf3 exf3+ 32. Kh3 Bg7 33. Ra2 Ra8 34. Nd3 Ne5 35. Nb2 h5 36. Kh2 Ng4+ 37. Kg1 Bd4 38. Kf1 Bc5 39. Ke1 Rxa3 40. Rxa3 Bxa3 41. Nd3 Bc5 42. Kd2 Nxf2 43. Ne1 Ne4+ 44. Kd3 f2 0-1

[Event "December 12 Early 2023"]
[Site "https://www.chess.com"]
[Date "2023.12.12"]
[Round "8"]
[White "Pak, Yevgeniy"]
[Black "Renjith, Sravan"]
[Result "0-1"]
[Board "71"]
[TimeControl "180+1"]
[WhiteFideId "14201712"]
[BlackFideId "4306783"]
[WhiteElo "2469"]
[BlackElo "2632"]
[WhiteTeam "KAZ"]
[BlackTeam "NZL"]
[WhiteClock "0:01:16"]
[BlackClock "0:01:23"]

1. e4 e5 2. Nf3 Nc6 3. Bb5 Nge7 4. O-O g6 5. c3 Bg7 6. d4 exd4 7. cxd4 d5 8. Bxc6+ bxc6 9. e5 O-O 10. Nc3 Bg4 11. h3 Bxf3 12. Qxf3 Nf5 13. Qd3 f6 14. Bf4 fxe5 15. Bxe5 Rb8 16. b3 Qh4 17. f4 Bxe5 18. dxe5 Rb4 19. Ne2 Re4 20. Rac1 Ne7 21. Kh2 g5 22. fxg5 Rf2 23. Rxf2 Qxf2 24. Ng3 Re3 0-1

[Event "December 12 Early 2023"]
[Site "https://www.chess.com"]
[Date "2023.12.12"]
[Round "8"]
[White "Dmitrenko, Viktor"]
[Black "Ovetchkin, Roman"]
[Result "0-1"]
[Board "72"]
[TimeControl "180+1"]
[WhiteFideId "14110270"]
[BlackFideId "4119991"]
[WhiteElo "2462"]
[BlackElo "2630"]
[WhiteTeam "UKR"]
[BlackTeam "RUS"]
[WhiteClock "0:00:00"]
[BlackClock "0:00:35"]

1. e4 c6 2. d4 d5 3. e5 Bf5 4. Bd3 Bxd3 5. Qxd3 e6 6. Ne2 Qa5+ 7. Nbc3 Qa6 8. Qh3 Ne7 9. O-O c5 10. a4 Qb6 11. dxc5 Qxc5 12. Be3 Qc8 13. Nb5 Nec6 14. c4 dxc4 15. Rac1 Nxe5 16. Bf4 Nbd7 17. Rfd1 a6 18. Nd6+ Bxd6 19. Rxd6 O-O 20. Rc3 b5 21. Rg3 Ng6 22. Bd2 Nf6 23. Bc3 Ne4 24. Rd4 Nxc3 0-1

[Event "December 12 Early 2023"]
[Site "https://www.chess.com"]
[Date "2023.12.12"]
[Round "8"]
[White "Garrido, Denis"]
[Black "Skatchkov, Valery"]
[Result "0-1"]
[Board "73"]
[TimeControl "180+1"]
[WhiteFideId "601217"]
[BlackFideId "24195812"]
[WhiteElo "2441"]
[BlackElo "2627"]
[WhiteTeam "FRA"]
[BlackTeam "RUS"]
[WhiteClock "0:00:00"]
[BlackClock "0:00:59"]

1. d4 Nf6 2. c4 e6 3. Nc3 d5 4. cxd5 exd5 5. Bg5 Bb4 6. e3 h6 7. Bh4 g5 8. Qa4+ Nc6 9. Bg3 Ne4 10. Ne2 h5 11. f3 Nxg3 12. hxg3 Bd7 13. Qb3 Qe7 14. Kf2 Na5 15. Qxd5 O-O-O 16. Qe5 Qxe5 17. dxe5 Nc4 18. Nd4 Nxe5 19. Rc1 c5 20. Nd5 Kb8 21. Nb3 Be6 22. Nxb4 Bxb3 23. axb3 cxb4 24. Rc2 Rd1 25. Rg1 h4 26. gxh4 g4 27. f4 Nd7 28. g3 Nf6 29. Bg2 Rd3 30. Re1 Rhd8 31. e4 Nh5 32. Re3 Rxe3 33. Kxe3 Nxg3 34. Rc4 a5 35. e5 Nf5+ 36. Ke4 Nxh4 37. Bf1 Rd1 38. Be2 Re1 39. Kd3 g3 40. Kd2 Ra1 41. Rd4 g2 42. Rd8+ Kc7 43. Rg8 Ng6 0-1